 Dungeon Crawl Stone Soup version 0.22-a0-512-g0943f25 (webtiles) character file.

4590 KristoblXynda the Grappler (level 10, 0/88 HPs)
             Began as a Troll Wizard on June 18, 2018.
             Was a Believer of Ashenzari.
             Slain by an ice beast (1 damage)
             ... summoned by an ice statue
             ... on level 10 of the Dungeon.
             The game lasted 00:17:36 (8325 turns).

KristoblXynda the Grappler (Troll Wizard)           Turns: 8325, Time: 00:17:38

Health: 0/88       AC:  5    Str: 17    XL:     10   Next: 18%
Magic:  9/12       EV: 10    Int: 17    God:    Ashenzari [**....]
Gold:   527        SH:  0    Dex: 11    Spells: 5/13 levels left

rFire    . . .     SeeInvis .     - Unarmed
rCold    . . .     Gourm    +   (no shield)
rNeg     . . .     Faith    .   a - +0 robe
rPois    +         Spirit   .   b - +0 hat
rElec    .         Reflect  .   (no cloak)
rCorr    .         Harm     .   (gloves unavailable)
MR       .....                  (boots unavailable)
Stlth    +.........             (no amulet)
HPRegen  0.64/turn              u - +3 ring of dexterity (curse)
MPRegen  0.13/turn              y - ring of poison resistance (curse)

@: no status effects
A: large, unfitting armour, claws 3, fast metabolism 3, gourmand, regeneration
1, shaggy fur 1, tough skin 2
a: Curse Item, Scrying, Renounce Religion


You were on level 10 of the Dungeon.
You worshipped Ashenzari.
Ashenzari was pleased with you.
You were not hungry.

You visited 2 branches of the dungeon, and saw 11 of its levels.
You also visited: Sewer.

You collected 527 gold pieces.

Inventory:

Hand Weapons
 t - a +2 morningstar of protection
Missiles
 n - 2 throwing nets (quivered)
Armour
 a - a +0 robe (worn)
 b - a +0 hat (worn)
 C - a +2 shield
Jewellery
 p - the cursed ring of Ajugic {*Corrode MR+ Int+7 Dex-3}
   (You found it on level 6 of the Dungeon)

   [ring of dexterity]

   It affects your intelligence (+7).
   It affects your dexterity (-3).
   It affects your resistance to hostile enchantments.
   It may corrode you when you take damage.
   It has a curse placed upon it.
 u - a cursed +3 ring of dexterity (left claw)
 w - a +2 ring of strength
 y - a cursed ring of poison resistance (right claw)
Wands
 r - a wand of clouds (7)
 D - a wand of scattershot (2)
 E - a wand of acid (11)
Scrolls
 c - 3 scrolls of teleportation
 g - 5 scrolls of blinking
 h - 7 scrolls of immolation
 i - 5 scrolls of enchant armour
 j - 8 scrolls of remove curse
 l - 2 scrolls of enchant weapon {unknown}
 q - 2 scrolls of random uselessness {unknown}
 s - 3 scrolls of fear {unknown}
 v - 2 scrolls of magic mapping {unknown}
 B - a scroll of vulnerability {unknown}
 G - a scroll of acquirement {unknown}
 H - a scroll of holy word {unknown}
 K - a scroll of amnesia {unknown}
 L - a scroll of brand weapon {unknown}
 M - a scroll of identify
Potions
 e - 2 potions of agility
 f - a potion of haste
 k - 2 potions of brilliance
 m - 4 potions of flight
 o - 5 potions of resistance
 x - 2 potions of mutation {unknown}
 z - a potion of might
 A - 2 potions of curing
 F - a potion of lignification {unknown}
 I - a potion of heal wounds {unknown}
Comestibles
 d - 24 rations
 J - 3 chunks of flesh


   Skills:
 + Level 2.3 Fighting
 - Level 1.5 Dodging
 - Level 1.0 Stealth
 + Level 10.0 Unarmed Combat
 - Level 2.0 Spellcasting
 * Level 8.1(9.6) Conjurations
   Level 0.6(1.3) Summonings
   Level 0.6(1.3) Translocations


You had 5 spell levels left.
You knew the following spells:

 Your Spells              Type           Power        Failure   Level  Hunger
a - Magic Dart            Conj           ####         1%          1    #......
b - Mephitic Cloud        Conj/Pois/Air  ##......     14%         3    ###....
c - Petrify               Tmut/Erth      #.......     87%         4    #####..

Your spell library contained the following spells:

 Spells                   Type           Power        Failure   Level  Hunger
 Conjure Flame            Conj/Fire      ###.....     8%          3    ###....
 Slow                     Hex            #.......     26%         2    ###....
 Throw Frost              Conj/Ice       ###...       3%          2    ###....
 Summon Small Mammal      Summ           #...         11%         1    #......
 Blink                    Tloc           N/A          17%         2    ###....
 Freeze                   Ice            #...         19%         1    #......
 Summon Ice Beast         Ice/Summ       #.......     80%         4    #####..
 Ozocubu's Armour         Chrm/Ice       #.......     47%         3    ###....
 Call Imp                 Summ           #.......     17%         2    ###....
 Stone Arrow              Conj/Erth      ###...       8%          3    ###....
 Throw Icicle             Conj/Ice       ###.....     26%         4    #####..
 Passwall                 Tmut/Erth      #.......     26%         2    ###....
 Call Canine Familiar     Summ           #.......     32%         3    ###....
 Lee's Rapid Deconstruct  Erth           #.........   99%         5    ######.
 Sandblast                Erth           #.....       19%         1    #......
 Summon Lightning Spire   Summ/Air       #.......     80%         4    #####..
 Summon Guardian Golem    Hex/Summ       #.......     38%         3    ###....


Dungeon Overview and Level Annotations

Branches:
Dungeon (10/15)            Temple (1/1) D:5            Lair (0/6) D:9
    Orc (0/2) D:9

Altars:
Ashenzari
Cheibriados
Dithmenos
Elyvilon
Fedhas
Gozag
Hepliaklqana
Kikubaaqudgha
Makhleb
Nemelex Xobeh
Okawaru
Qazlal
Ru
Sif Muna
Trog
Uskayaw
Vehumet
Wu Jian
Xom
Yredelemnul
Zin
The Shining One

Shops:
D:10 ?

Annotations:
D:10 exclusion: ice statue, Erica


Innate Abilities, Weirdness & Mutations

You are too large for most types of armour.
You have claws for hands.
Your metabolism is lightning-fast.
You like to eat raw meat.
Your natural rate of healing is unusually fast.
You are covered in fur. (AC +1)
You have very tough skin. (AC +2)


Message History

Aim: a two-headed ogre, wielding two giant clubs The ball explodes into a vile cloud!
The stinking cloud engulfs the two-headed ogre.
The stinking cloud engulfs the ice beast.
The ice beast appears unharmed.
The ice beast is almost dead.
The stinking cloud engulfs you!
You hear a bellow!
You hear an angry buzzing noise.
You hear two shouts!
You hear an angry hiss.
The ice beast hits you. The ice beast freezes you!
* * * LOW HITPOINT WARNING * * *
The two-headed ogre is engulfed in noxious fumes.
The two-headed ogre appears confused.
You claw the two-headed ogre!
The two-headed ogre is moderately wounded.
A water moccasin comes into view.
The two-headed ogre hits you with a giant club!!
* * * LOW HITPOINT WARNING * * *
The two-headed ogre barely misses you. The ice beast hits you.
You die...

#.##....#.##.#.
#....S...# # .## *
,...###.#*## ... , ,
##.. ,...,,, * **..#*, ≈
, *# ≈≈. ≈.≈≈ , , ..##
≈≈≈≈≈≈≈ ##. .. ≈ ≈.≈ , *
{...##≈≈...≈≈##.. ≈ , ,
...≈≈≈S....≈≈≈.. ,
*##..≈≈Y.##.##.≈≈≈. ,,,
##@.#≈≈..#$$$#..≈≈#
≈*#YO##≈{...$8$...≈≈# ,≈
#...#≈44.#$$?#..≈≈# ,
Y≈.≈..§#..≈≈44##.##.≈≈≈.
, ≈ ≈
Y≈.≈.#.##..≈455....≈≈≈..
.≈.≈.#.##..##4455.≈4##..
≈ ≈
≈≈.≈,#.##.###≈≈5≈5≈≈###.
≈ , ,...≈
#.##.##..≈≈≈≈≈..##. ≈ ≈
≈ ≈≈≈
#.##......###......


You could see a two-headed ogre (confused), a water moccasin and 2 ice beasts.

Vanquished Creatures
  Prince Ribbit (D:5)
  A wyvern (D:8)
  A hungry ghost (D:10)
  Edmund (D:4)
  2 water moccasins
  A swamp drake (D:9)
  An ice beast (D:5)
  2 orc warriors (D:9)
  Purgy (Sewer)
  A sky beast (D:7)
  4 black bears
  3 phantoms
  2 centaurs
  2 ogres (D:9)
  A crocodile (D:9)
  3 big kobolds
  9 bullfrogs
  A scorpion (D:4)
  A howler monkey (D:7)
  4 crimson imps
  A centaur zombie (D:6)
  2 jellies
  7 orc priests
  3 hounds
  10 orc wizards
  2 centaur skeletons
  2 iguanas
  8 worker ants
  Robin (D:4)
  9 gnolls
  2 worker ant zombies
  6 adders
  2 oozes
  2 adder skeletons
  2 worms
  A dart slug (D:1)
  4 leopard geckos
  24 orcs
  7 bats
  8 giant cockroaches
  12 goblins
  8 hobgoblins
  6 jackals
  2 quokkas
  A ball python (D:3)
  6 frilled lizards
  A giant cockroach zombie (D:6)
  21 kobolds
  A leopard gecko zombie (D:6)
  A quokka skeleton (D:5)
  6 rats
210 creatures vanquished.

Notes
Turn   | Place    | Note
-------+----------+-------------------------------------------
     0 | D:1      | KristoblXynda the Troll Wizard began the quest for the Orb.
     0 | D:1      | Reached XP level 1. HP: 16/16 MP: 2/2
   156 | D:1      | Reached skill level 1 in Conjurations
   207 | D:1      | Reached skill level 1 in Unarmed Combat
   218 | D:1      | Reached XP level 2. HP: 24/24 MP: 4/4
   242 | D:1      | Found a shattered altar of Ashenzari.
   269 | D:1      | Became a worshipper of Ashenzari the Shackled
   843 | D:2      | Reached XP level 3. HP: 31/31 MP: 5/5
   950 | D:2      | Found a faded altar of an unknown god.
   964 | D:2      | Reached skill level 2 in Unarmed Combat
  1694 | D:3      | Reached XP level 4. HP: 38/39 MP: 6/6
  1973 | D:3      | Found an iron altar of Okawaru.
  2135 | D:4      | Noticed a phantom
  2138 | D:4      | Noticed Robin
  2141 | D:4      | Noticed a phantom
  2161 | D:4      | Reached skill level 3 in Unarmed Combat
  2242 | D:4      | Reached XP level 5. HP: 45/45 MP: 7/7
  2276 | D:4      | Reached skill level 4 in Unarmed Combat
  2279 | D:4      | Reached XP level 6. HP: 44/53 MP: 8/8
  2392 | D:4      | Killed Robin
  2495 | D:4      | Noticed Edmund
  2502 | D:4      | Learned a level 3 spell: Mephitic Cloud
  2524 | D:4      | Killed Edmund
  2524 | D:4      | Reached skill level 5 in Unarmed Combat
  2524 | D:4      | Reached XP level 7. HP: 46/59 MP: 6/9
  3002 | D:5      | Entered Level 5 of the Dungeon
  3010 | D:5      | Noticed Prince Ribbit
  3027 | D:5      | Killed Prince Ribbit
  3027 | D:5      | Reached skill level 6 in Unarmed Combat
  3052 | D:5      | Found a staircase to the Ecumenical Temple.
  3116 | D:5      | Reached skill level 5 in Conjurations
  3116 | D:5      | Reached XP level 8. HP: 37/67 MP: 10/10
  3621 | D:5      | Reached * piety under Ashenzari
  3880 | D:5      | Reached skill level 7 in Unarmed Combat
  4000 | Temple   | Entered the Ecumenical Temple
  4274 | D:6      | Found a glowing drain.
  4292 | Sewer    | Entered a sewer
  4361 | Sewer    | Noticed Purgy
  4368 | Sewer    | Killed Purgy
  4835 | D:6      | Reached skill level 8 in Unarmed Combat
  5024 | D:6      | Identified the cursed ring of Ajugic {*Corrode MR+ Int+7 Dex-3}
  5624 | D:7      | Reached XP level 9. HP: 61/74 MP: 11/11
  6119 | D:7      | Reached ** piety under Ashenzari
  6423 | D:8      | Reached skill level 9 in Unarmed Combat
  7376 | D:9      | Reached skill level 1 in Fighting
  7395 | D:9      | Learned a level 4 spell: Petrify
  7513 | D:9      | Reached XP level 10. HP: 35/87 MP: 12/12
  7748 | D:9      | Found a staircase to the Lair.
  7893 | D:9      | Found a staircase to the Orcish Mines.
  8135 | D:10     | Entered Level 10 of the Dungeon
  8142 | D:10     | Noticed Erica
  8182 | D:10     | Found Zaapp's Magic Scroll Boutique.
  8222 | D:10     | Reached skill level 10 in Unarmed Combat
  8283 | D:10     | Noticed an ice statue
  8320 | D:10     | Noticed a two-headed ogre
  8325 | D:10     | HP: 1/88 [two-headed ogre/giant club (22)]
  8325 | D:10     | Slain by an ice beast

Vault maps used:
D:1:      lemuel_arrival_broad_hall, serial_glass, glass_columns_c,
          glass_columns_a, evilmike_ruin_ashenzari
D:2:      chequers_ecumenical_altar_island
D:3:      okawaru_metal_pillars_3
D:4:      uniq_edmund, uniq_robin
D:5:      temple_fountains, first_ration, uniq_prince_ribbit1
D:6:      portal_sewer_entry_d
D:7:      serial_glass, glass_columns_a, glass_columns_a, glass_columns_a,
          glass_columns_b
D:9:      lair_entry_dummy, erik_orc_1
D:10:     cheibrodos_frozen_isle, nicolae_trove_entry_crossroad, serial_shops,
          shop_fountains, grunt_livestock, kennysheep_big_empty_room, uniq_erica
Temple:   kilobyte_greek_temple
Sewer:    kennysheep_door_sewer

Skill      XL: |  1  2  3  4  5  6  7  8  9 10 |
---------------+-------------------------------+-----
Conjurations   | 1 2 3 4 5 6 7 8 |  8.1
Unarmed Combat | 1 2 3 4 5 6 8 9 10 | 10.0
Fighting       | 1 2 |  2.3
Dodging        | |  1.5
Stealth        | |  1.0
Spellcasting   | |  2.0
Summonings     | |  0.6
Translocations | |  0.6

Action                   |  1- 3 |  4- 6 |  7- 9 | 10-12 || total
-------------------------+-------+-------+-------+-------++-------
Melee: Unarmed           |   121 |   125 |   421 |    87 ||   754
       Punch             |     1 |     2 |    14 |     3 ||    20
 Cast: Mephitic Cloud    |       |     1 |    13 |     7 ||    21
       Magic Dart        |       |     1 |     3 |       ||     4
Invok: Curse Item        |       |       |     2 |       ||     2
  Use: Scroll            |     1 |     3 |     6 |     1 ||    11
       Potion            |       |       |     4 |       ||     4
 Stab: Sleeping          |     1 |       |     3 |       ||     4
       Confused          |       |       |     4 |     1 ||     5
  Eat: Chunk             |    21 |     8 |    47 |     7 ||    83
Armor: Robe              |    60 |    61 |   108 |    17 ||   246
Dodge: Dodged            |    66 |    43 |   195 |    32 ||   336

Table legend:
 A = Spawn XP
 B = Non-spawn XP
 C = Spawn XP percentage of total XP
 D = Spawn monster count
 E = Non-spawn monster count
 F = Spawn count percentage of total count
 G = Total turns spent on level
                    A         B        C        D         E        F      G
               +---------+---------+-------+---------+---------+-------+---------
         Total |       0 |    6558 |   0.0 |       0 |     210 |   0.0 |  8325
               +---------+---------+-------+---------+---------+-------+---------
           D:1 |       0 |      33 |   0.0 |       0 |      18 |   0.0 |   693
           D:2 |       0 |      33 |   0.0 |       0 |      12 |   0.0 |   740
           D:3 |       0 |      89 |   0.0 |       0 |      21 |   0.0 |   726
           D:4 |       0 |     838 |   0.0 |       0 |      33 |   0.0 |   843
           D:5 |       0 |     909 |   0.0 |       0 |      21 |   0.0 |  1005
           D:6 |       0 |     695 |   0.0 |       0 |      23 |   0.0 |  1215
           D:7 |       0 |     327 |   0.0 |       0 |       8 |   0.0 |   720
           D:8 |       0 |    1429 |   0.0 |       0 |      23 |   0.0 |   755
           D:9 |       0 |    1664 |   0.0 |       0 |      40 |   0.0 |  1110
          D:10 |       0 |     402 |   0.0 |       0 |       5 |   0.0 |   153
         Sewer |       0 |     139 |   0.0 |       0 |       6 |   0.0 |   230
               +---------+---------+-------+---------+---------+-------+---------
